| TOP OF THE 1ST |
|
Detroit Tigers batting - Pitching for Washington Senators : RHP Jim Neidlinger
|
|
Pitching: RHP Jim Neidlinger
|
|
|
Batting: SHB Adrian Brown
|
0-0: Called Strike 0-1: Ball 1-1: Ball 2-1: Foul Ball, location: 2F 2-2: Foul Ball, location: 2F 2-2: Foul Ball, location: 2F 2-2: Foul Ball, location: 2F 2-2: Strikes out looking
|
|
Batting: LHB Brent Mayne
|
0-0: Ball 1-0: Ball 2-0: Called Strike 2-1: Ground out 4-3 (Groundball, 4, EV 80.6 MPH)
|
|
Batting: LHB Ben Grieve
|
0-0: Called Strike 0-1: Ground out 5-3 (Groundball, 56, EV 77.5 MPH)
|
| Top of the 1st over - 0 runs, 0 hits, 0 errors, 0 left on base; Detroit 0 - Washington 0 |
| BOTTOM OF THE 1ST |
|
Washington Senators batting - Pitching for Detroit Tigers : RHP Tim Belcher
|
|
Pitching: RHP Tim Belcher
|
|
|
Batting: SHB Ray Durham
|
0-0: Called Strike 0-1: Ball 1-1: SINGLE (Groundball, 4MD, EV 100.6 MPH)
|
|
Batting: RHB Kevin Sefcik
|
0-0: Ball 1-0: Ball 2-0: Swinging Strike 2-1: Foul Ball, location: 2F 2-2: Ball 3-2: Base on Balls Ray Durham to second
|
|
Batting: RHB Albert Belle
|
0-0: Reached on error, E5 (Groundball, 56S, EV 90.0 MPH) Ray Durham to third Kevin Sefcik to second
|
|
Batting: RHB Eric Davis
|
0-0: Foul Ball, location: 2F 0-1: Foul Ball, location: 2F 0-2: Strikes out swinging
|
|
Batting: LHB Jon Nunnally
|
0-0: Fly out, F8 (Line Drive, 8RM, EV 91.9 MPH) Runner from 3rd tags up, OUT at HOME! 8-2
|
| Bottom of the 1st over - 0 runs, 1 hit, 1 error, 2 left on base; Detroit 0 - Washington 0 |
| TOP OF THE 2ND |
|
Detroit Tigers batting - Pitching for Washington Senators : RHP Jim Neidlinger
|
|
Batting: RHB Shannon Stewart
|
0-0: Ball 1-0: Foul Ball, location: 2F 1-1: Foul Ball, location: 2F 1-2: DOUBLE (Groundball, 5L, EV 110.6 MPH)
|
|
Batting: LHB Tino Martinez
|
0-0: Ball 1-0: Called Strike 1-1: Fly out, F5 (Line Drive, 5, EV 65.0 MPH)
|
|
Batting: RHB Howard Battle
|
0-0: Fly out, F4 (Popup, 4D, EV 68.1 MPH)
|
|
Batting: RHB Russ Johnson
|
0-0: Ball 1-0: Foul Ball, location: 2F 1-1: Ball 2-1: SINGLE (Line Drive, 4MD, EV 98.8 MPH) Shannon Stewart to third Runner from 3rd tries for Home, SAFE, throw by CF to home Russ Johnson to second
|
|
Batting: RHB Shane Halter
|
0-0: Ball 1-0: Foul Ball, location: 2F 1-1: Fly out, F9 (Flyball, 89D, EV 107.5 MPH)
|
| Top of the 2nd over - 1 run, 2 hits, 0 errors, 1 left on base; Detroit 1 - Washington 0 |
| BOTTOM OF THE 2ND |
|
Washington Senators batting - Pitching for Detroit Tigers : RHP Tim Belcher
|
|
Batting: LHB Willie Greene
|
0-0: Ball 1-0: Ground out U3 (Groundball, 34, EV 93.8 MPH)
|
|
Batting: LHB Don Mattingly
|
0-0: SINGLE (Line Drive, 78M, EV 95.0 MPH)
|
|
Batting: RHB Ernie Young
|
0-0: Fly out, F7 (Line Drive, 7D, EV 98.1 MPH)
|
|
Batting: RHB John Flaherty
|
0-0: Ground out 1-3 (Groundball, P, EV 83.8 MPH)
|
| Bottom of the 2nd over - 0 runs, 1 hit, 0 errors, 1 left on base; Detroit 1 - Washington 0 |
| TOP OF THE 3RD |
|
Detroit Tigers batting - Pitching for Washington Senators : RHP Jim Neidlinger
|
|
Batting: LHB Joe Orsulak
|
0-0: Ball 1-0: SINGLE (Groundball, 4D, EV 95.0 MPH)
|
|
Batting: SHB Adrian Brown
|
0-0: Bunted foul 0-1: Bunt missed! 0-2: Ball 1-2: Fielders Choice at 2nd, 4-6 (Groundball, 4, EV 86.9 MPH)
|
|
Batting: LHB Brent Mayne
|
0-0: Ball Adrian Brown steals 2nd base 1-0: Ball 2-0: Fly out, F8 (Flyball, 89D, EV 90.0 MPH) Runner from 2nd tags up, SAFE at 3rd, no throw by CF
|
|
Batting: LHB Ben Grieve
|
0-0: Swinging Strike 0-1: Ball 1-1: Foul Ball, location: 2F 1-2: Foul Ball, location: 2F 1-2: Strikes out looking
|
| Top of the 3rd over - 0 runs, 1 hit, 0 errors, 1 left on base; Detroit 1 - Washington 0 |
| BOTTOM OF THE 3RD |
|
Washington Senators batting - Pitching for Detroit Tigers : RHP Tim Belcher
|
|
Batting: SHB Ray Durham
|
0-0: Ball 1-0: Ground out 4-3 (Groundball, 4, EV 80.6 MPH)
|
|
Batting: RHB Kevin Sefcik
|
0-0: Called Strike 0-1: Swinging Strike 0-2: Ball 1-2: Strikes out looking
|
|
Batting: RHB Albert Belle
|
0-0: Swinging Strike 0-1: TRIPLE (Line Drive, 78XD, EV 101.9 MPH)
|
|
Batting: RHB Eric Davis
|
0-0: Ball 1-0: Ball 2-0: Ball 3-0: Called Strike 3-1: Base on Balls
|
|
Batting: LHB Jon Nunnally
|
0-0: Called Strike 0-1: Ball 1-1: Ball 2-1: Ball 3-1: Base on Balls Eric Davis to second
|
|
Batting: LHB Willie Greene
|
0-0: Ground out 4-3 (Groundball, 4, EV 86.3 MPH)
|
| Bottom of the 3rd over - 0 runs, 1 hit, 0 errors, 3 left on base; Detroit 1 - Washington 0 |
| TOP OF THE 4TH |
|
Detroit Tigers batting - Pitching for Washington Senators : RHP Jim Neidlinger
|
|
Batting: RHB Shannon Stewart
|
0-0: Fly out, F7 (Flyball, 7S, EV 92.5 MPH)
|
|
Batting: LHB Tino Martinez
|
0-0: Called Strike 0-1: DOUBLE (Line Drive, 7LS, EV 109.4 MPH)
|
|
Batting: RHB Howard Battle
|
0-0: Swinging Strike 0-1: Called Strike 0-2: Strikes out swinging
|
|
Batting: RHB Russ Johnson
|
0-0: Ball 1-0: Ball 2-0: Ball 3-0: Called Strike 3-1: Base on Balls
|
|
Batting: RHB Shane Halter
|
0-0: Foul Ball, location: 2F 0-1: Swinging Strike 0-2: Foul Ball, location: 2F 0-2: Ball 1-2: Foul Ball, location: 2F 1-2: Ball 2-2: Ball 3-2: Strikes out swinging
|
| Top of the 4th over - 0 runs, 1 hit, 0 errors, 2 left on base; Detroit 1 - Washington 0 |
| BOTTOM OF THE 4TH |
|
Washington Senators batting - Pitching for Detroit Tigers : RHP Tim Belcher
|
|
Batting: LHB Don Mattingly
|
0-0: Ball 1-0: Called Strike 1-1: Foul Ball, location: 2F 1-2: Strikes out swinging
|
|
Batting: RHB Ernie Young
|
0-0: Ball 1-0: Bunt missed! 1-1: Foul Ball, location: 2F 1-2: Ball 2-2: Ball 3-2: Foul Ball, location: 2F 3-2: Foul Ball, location: 2F 3-2: Fly out, F9 (Flyball, 89D, EV 98.8 MPH)
|
|
Batting: RHB John Flaherty
|
0-0: Ball 1-0: Ball 2-0: Ball 3-0: Foul Ball, location: 2F 3-1: Base on Balls
|
|
Batting: SHB Ray Durham
|
0-0: Ball 1-0: DOUBLE (Line Drive, 89M, EV 105.0 MPH) John Flaherty to third Runner from 3rd tries for Home, SAFE, throw by RF to trailing runner, SAFE at third!
|
|
Batting: RHB Kevin Sefcik
|
0-0: Foul Ball, location: 2F 0-1: Ground out 3-1 (Groundball, 34, EV 78.8 MPH)
|
| Bottom of the 4th over - 1 run, 1 hit, 0 errors, 1 left on base; Detroit 1 - Washington 1 |
| TOP OF THE 5TH |
|
Detroit Tigers batting - Pitching for Washington Senators : RHP Jim Neidlinger
|
|
Batting: LHB Joe Orsulak
|
0-0: Ball 1-0: Ball 2-0: Ball 3-0: Called Strike 3-1: SINGLE (Groundball, 5, EV 89.4 MPH) (infield hit)
|
|
Batting: SHB Adrian Brown
|
0-0: Bunted foul 0-1: Bunt missed! 0-2: Ground out 1-3 (Groundball, 34S, EV 68.1 MPH) Joe Orsulak to second
|
|
Batting: LHB Brent Mayne
|
0-0: Swinging Strike 0-1: Called Strike 0-2: Strikes out swinging
|
|
Batting: LHB Ben Grieve
|
0-0: Ball 1-0: Ball 2-0: Ball 3-0: Called Strike 3-1: Ground out U3 (Groundball, 34, EV 85.0 MPH)
|
| Top of the 5th over - 0 runs, 1 hit, 0 errors, 1 left on base; Detroit 1 - Washington 1 |
| BOTTOM OF THE 5TH |
|
Washington Senators batting - Pitching for Detroit Tigers : RHP Tim Belcher
|
|
Batting: RHB Albert Belle
|
0-0: Ball 1-0: Called Strike 1-1: Foul Ball, location: 2F 1-2: Ball 2-2: Strikes out looking
|
|
Batting: RHB Eric Davis
|
0-0: Foul Ball, location: 2F 0-1: Ball 1-1: Foul Ball, location: 2F 1-2: Foul Ball, location: 2F 1-2: Foul Ball, location: 2F 1-2: Ball 2-2: Ball 3-2: Ground out 4-3 (Groundball, 4, EV 82.5 MPH)
|
|
Batting: LHB Jon Nunnally
|
0-0: Ball 1-0: DOUBLE (Line Drive, 89D, EV 102.5 MPH)
|
|
Batting: LHB Willie Greene
|
0-0: Ball 1-0: Ball 2-0: Ball 3-0: Called Strike 3-1: Reached on error, E8 (Flyball, 8RD, EV 76.9 MPH) Jon Nunnally scores
|
|
Batting: LHB Don Mattingly
|
0-0: 2-RUN HOME RUN (Flyball, 89XD, EV 95.0 MPH), Distance : 407 ft
|
|
Batting: RHB Ernie Young
|
0-0: Swinging Strike 0-1: Ball 1-1: Ball 2-1: Ball 3-1: Called Strike 3-2: Fly out, F9 (Flyball, 9, EV 86.9 MPH)
|
| Bottom of the 5th over - 3 runs, 2 hits, 1 error, 0 left on base; Detroit 1 - Washington 4 |
| TOP OF THE 6TH |
|
Detroit Tigers batting - Pitching for Washington Senators : RHP Jim Neidlinger
|
|
Batting: RHB Shannon Stewart
|
0-0: Foul Ball, location: 2F 0-1: Hit by Pitch
|
|
Batting: LHB Tino Martinez
|
0-0: Swinging Strike 0-1: Swinging Strike 0-2: Ball 1-2: Fielders Choice at 2nd, 6-4 (Groundball, 6M, EV 85.0 MPH)
|
|
Batting: RHB Howard Battle
|
0-0: Swinging Strike 0-1: Foul Ball, location: 2F 0-2: Ball 1-2: Ball 2-2: Strikes out swinging
|
|
Batting: RHB Russ Johnson
|
0-0: Called Strike 0-1: Called Strike 0-2: Ball 1-2: Ball 2-2: Foul Ball, location: 2F 2-2: Ball 3-2: Foul Ball, location: 2F 3-2: Base on Balls Tino Martinez to second
|
|
Batting: RHB Shane Halter
|
0-0: Fielders Choice at 2nd, 6-4 (Groundball, 6, EV 94.4 MPH)
|
| Top of the 6th over - 0 runs, 0 hits, 0 errors, 2 left on base; Detroit 1 - Washington 4 |
| BOTTOM OF THE 6TH |
|
Washington Senators batting - Pitching for Detroit Tigers : RHP Tim Belcher
|
|
Batting: RHB John Flaherty
|
0-0: Ball 1-0: Ball 2-0: Fly out, F9 (Flyball, 9S, EV 76.9 MPH)
|
|
Batting: SHB Ray Durham
|
0-0: Swinging Strike 0-1: Fly out, F9 (Line Drive, 9, EV 92.5 MPH)
|
|
Batting: RHB Kevin Sefcik
|
0-0: Ball 1-0: Ball 2-0: Foul Ball, location: 2F 2-1: Foul Ball, location: 2F 2-2: TRIPLE (Flyball, 78XD, EV 93.8 MPH)
|
|
Batting: RHB Albert Belle
|
0-0: Ball 1-0: Foul Ball, location: 2F 1-1: Foul Ball, location: 2F 1-2: Ball 2-2: Fly out, F8 (Flyball, 8LD, EV 90.6 MPH)
|
| Bottom of the 6th over - 0 runs, 1 hit, 0 errors, 1 left on base; Detroit 1 - Washington 4 |
| TOP OF THE 7TH |
|
Detroit Tigers batting - Pitching for Washington Senators : RHP Jim Neidlinger
|
|
Batting: LHB Joe Orsulak
|
0-0: Foul Ball, location: 2F 0-1: Fly out, F9 (Flyball, 9S, EV 92.5 MPH)
|
|
Batting: SHB Adrian Brown
|
0-0: Ball 1-0: Fly out, F4 (Line Drive, 4, EV 72.5 MPH)
|
|
Batting: LHB Brent Mayne
|
0-0: Foul Ball, location: 2F 0-1: Foul Ball, location: 2F 0-2: Fly out, F8 (Line Drive, 8RM, EV 94.4 MPH)
|
| Top of the 7th over - 0 runs, 0 hits, 0 errors, 0 left on base; Detroit 1 - Washington 4 |
| BOTTOM OF THE 7TH |
|
Washington Senators batting - Pitching for Detroit Tigers : RHP Tim Belcher
|
|
Batting: RHB Eric Davis
|
0-0: Called Strike 0-1: Fly out, F8 (Flyball, 89M, EV 81.3 MPH)
|
|
Batting: LHB Jon Nunnally
|
0-0: Ball 1-0: Swinging Strike 1-1: Swinging Strike 1-2: Foul Ball, location: 2F 1-2: Strikes out swinging
|
|
Batting: LHB Willie Greene
|
0-0: Ball 1-0: DOUBLE (Flyball, 8RXD, EV 111.9 MPH)
|
|
Batting: LHB Don Mattingly
|
0-0: Ball 1-0: Ball 2-0: 2-RUN HOME RUN (Flyball, 89XD, EV 96.9 MPH), Distance : 390 ft
|
|
Batting: RHB Ernie Young
|
0-0: Called Strike 0-1: Ball 1-1: Swinging Strike 1-2: Ball 2-2: Foul Ball, location: 2F 2-2: Ground out 5-3 (Groundball, 5S, EV 78.8 MPH)
|
| Bottom of the 7th over - 2 runs, 2 hits, 0 errors, 0 left on base; Detroit 1 - Washington 6 |
| TOP OF THE 8TH |
|
Detroit Tigers batting - Pitching for Washington Senators : RHP Jim Neidlinger
|
|
Batting: LHB Ben Grieve
|
0-0: Ball 1-0: Ball 2-0: Ball 3-0: Called Strike 3-1: Base on Balls
|
|
Batting: RHB Shannon Stewart
|
0-0: Called Strike 0-1: Ball 1-1: Ball 2-1: Called Strike 2-2: Ball 3-2: SINGLE (Groundball, 6D, EV 111.3 MPH) Ben Grieve to second
|
|
Pitching: LHP Scott Ruskin
|
|
|
Batting: LHB Tino Martinez
|
0-0: Ball 1-0: Ball 2-0: Called Strike 2-1: Swinging Strike 2-2: Foul Ball, location: 2F 2-2: Ball 3-2: Grounds into double play, 4-6-3 (Groundball, 4, EV 105.0 MPH) Ben Grieve to third
|
|
Batting: RHB Howard Battle
|
0-0: Ball 1-0: Ball 2-0: Ball 3-0: Called Strike 3-1: Base on Balls
|
|
Batting: RHB Russ Johnson
|
0-0: Ball 1-0: Swinging Strike 1-1: Ball 2-1: Ball 3-1: Foul Ball, location: 2F 3-2: Foul Ball, location: 2F 3-2: Ground out 6-3 (Groundball, 6, EV 83.8 MPH)
|
| Top of the 8th over - 0 runs, 1 hit, 0 errors, 2 left on base; Detroit 1 - Washington 6 |
| BOTTOM OF THE 8TH |
|
Washington Senators batting - Pitching for Detroit Tigers : RHP Tim Belcher
|
|
Batting: RHB John Flaherty
|
0-0: Ball 1-0: SOLO HOME RUN (Line Drive, 78XD, EV 97.5 MPH), Distance : 392 ft
|
|
Pitching: LHP Larry Thomas
|
|
|
Batting: SHB Ray Durham
|
0-0: Ball 1-0: Foul Ball, location: 2F 1-1: Ball 2-1: Fly out, F6 (Popup, 6M, EV 58.1 MPH)
|
|
Batting: RHB Kevin Sefcik
|
0-0: Ball 1-0: Called Strike 1-1: Ball 2-1: Ball 3-1: Called Strike 3-2: Base on Balls
|
|
Batting: RHB Albert Belle
|
0-0: Ball 1-0: Ball 2-0: Called Strike Kevin Sefcik steals 2nd base 2-1: Ball 3-1: Called Strike 3-2: 2-RUN HOME RUN (Flyball, 78XD, EV 101.9 MPH), Distance : 389 ft
|
|
Batting: RHB Eric Davis
|
0-0: Foul Ball, location: 2F 0-1: Swinging Strike 0-2: Ball 1-2: Fly out, F7 (Line Drive, 7, EV 96.9 MPH)
|
|
Batting: LHB Jon Nunnally
|
0-0: Ball 1-0: Swinging Strike 1-1: Ball 2-1: Foul Ball, location: 2F 2-2: Strikes out swinging
|
| Bottom of the 8th over - 3 runs, 2 hits, 0 errors, 0 left on base; Detroit 1 - Washington 9 |
| TOP OF THE 9TH |
|
Detroit Tigers batting - Pitching for Washington Senators : LHP Scott Ruskin
|
|
Batting: RHB Shane Halter
|
0-0: Ball 1-0: Ball 2-0: Foul Ball, location: 2F 2-1: Hit by Pitch
|
|
Batting: LHB Joe Orsulak
|
0-0: Fly out, F7 (Flyball, 78S, EV 76.3 MPH)
|
|
Batting: SHB Adrian Brown
|
0-0: Foul Ball, location: 2F 0-1: Ball 1-1: Ground out 4-3 (Groundball, 4, EV 87.5 MPH) Shane Halter to second
|
|
Batting: LHB Brent Mayne
|
0-0: Ball 1-0: Called Strike 1-1: Swinging Strike 1-2: Ball 2-2: Strikes out swinging
|
| Top of the 9th over - 0 runs, 0 hits, 0 errors, 1 left on base; Detroit 1 - Washington 9 |
|